 Dungeon Crawl Stone Soup version 0.19.1 (webtiles) character file.

5842 galech the Grappler (level 10, -2/108 (109) HPs)
             Began as a Troll Monk on Dec 27, 2016.
             Was a High Priest of Okawaru.
             Slain by a deep troll (23 damage)
             ... on level 1 of the Orcish Mines.
             The game lasted 00:30:28 (7991 turns).

galech the Grappler (Troll Monk)                    Turns: 7991, Time: 00:30:29

HP:   -2/108 (109)  AC:  8    Str: 21    XL:     10   Next: 51%
MP:   9/9           EV: 11    Int:  6    God:    Okawaru [*****.]
Gold: 471           SH:  0    Dex: 15    Spells: 0 memorised, 9 levels left

rFire  + . .     SeeInvis +       - Unarmed
rCold  + . .     Gourm    +     M - +2 robe {rC+ rF+}
rNeg   + . .     Faith    .     (no shield)
rPois  .         Spirit   .     (helmet restricted)
rElec  .         Reflect  .     g - +0 cloak
rCorr  .         Harm     .     (gloves unavailable)
MR     .....                    (boots unavailable)
Stlth  ++........               (no amulet)
                                t - ring of positive energy
                                y - ring of see invisible

@: hasted, very quick
A: unfitting armour, claws 3, fast metabolism 3, gourmand, regeneration 1,
shaggy fur 1, tough skin 2
a: Heroism, Finesse, Renounce Religion


You were on level 1 of the Orcish Mines.
You worshipped Okawaru.
Okawaru was extremely pleased with you.
You were very full.

You visited 3 branches of the dungeon, and saw 12 of its levels.

You collected 471 gold pieces.

Inventory:

Hand Weapons
 L - the +4 broad axe "Death Rattle" {vamp, +Rage +Fly MR+}
   (Okawaru gifted it to you on level 9 of the Dungeon)

   It inflicts no extra harm, but heals its wielder when it wounds a living foe.
   It affects your resistance to hostile enchantments.
   It lets you fly.
   It lets you go berserk.
Missiles
 s - 292 stones (quivered)
Armour
 a - a +0 robe
 g - a +0 cloak (worn)
 H - a +2 robe
 M - a +2 robe of resistance (worn)
Jewellery
 t - a ring of positive energy (right claw)
 y - a ring of see invisible (left claw)
Wands
 u - a wand of iceblast (9/15)
Scrolls
 c - a scroll of blinking
 e - 3 scrolls of teleportation {unknown}
 f - 3 scrolls of amnesia {unknown}
 i - a scroll of fog
 j - 2 scrolls of recharging {unknown}
 l - a scroll of random uselessness
 m - 7 scrolls of remove curse
 w - a scroll of noise
 x - 2 scrolls of enchant weapon {unknown}
 D - 3 scrolls of fear {unknown}
 I - a scroll of immolation
Potions
 d - 4 potions of curing {unknown}
 q - 2 potions of haste
 v - a potion of invisibility
 z - 2 potions of heal wounds
 A - a potion of mutation
 B - a potion of lignification
 F - a potion of berserk rage
 G - a potion of agility
 J - a potion of beneficial mutation {unknown}
Books
 h - a book of Minor Magic

   Spells                             Type                      Level
   a - Magic Dart                     Conjuration                  1
   b - Blink                          Translocation                2
   c - Call Imp                       Summoning                    2
   d - Repel Missiles                 Charms/Air                   2
   e - Slow                           Hexes                        2
   f - Conjure Flame                  Conjuration/Fire             3
   g - Mephitic Cloud                 Conjuration/Poison/Air       3
 n - a book of Misfortune

   Spells                             Type                      Level
   a - Confusing Touch                Hexes                        1
   b - Confuse                        Hexes                        3
   c - Gell's Gravitas                Hexes/Translocation          3
   d - Petrify                        Transmutation/Earth          4
   e - Metabolic Englaciation         Hexes/Ice                    5
   f - Yara's Violent Unravelling     Hexes/Transmutation          5
 C - a book of Maledictions

   Spells                             Type                      Level
   a - Corona                         Hexes                        1
   b - Ensorcelled Hibernation        Hexes/Ice                    2
   c - Confuse                        Hexes                        3
   d - Tukima's Dance                 Hexes                        3
   e - Dazzling Spray                 Conjuration/Hexes            3
Comestibles
 b - 6 bread rations
 k - 2 meat rations
 o - a royal jelly
 p - 4 beef jerkies
 r - 2 slices of pizza
 E - 3 fruits
 K - 22 chunks of flesh


   Skills:
 + Level 9.6 Fighting
 - Level 2.8 Dodging
 - Level 1.0 Stealth
 + Level 11.5 Unarmed Combat


You had 9 spell levels left.
You didn't know any spells.

Dungeon Overview and Level Annotations

Branches:
Dungeon (9/15)             Temple (1/1) D:7             Orc (2/2) D:9
   Lair: D:8-11         Elf: Orc:2

Altars:
Dithmenos
Elyvilon
Gozag
Hepliaklqana
Nemelex Xobeh
Okawaru
Qazlal
Sif Muna
Uskayaw
Vehumet
Zin

Shops:
D:5 *

Annotations:
Orc:1 Erica


Innate Abilities, Weirdness & Mutations

You are too large for most types of armour.
You have claws for hands.
Your metabolism is lightning-fast.
You like to eat raw meat.
Your natural rate of healing is unusually fast.
You are covered in fur. (AC +1)
You have very tough skin. (AC +2)


Message History

Found a stone staircase leading up.
Found 11 gold pieces.
Found 17 gold pieces.
An ogre comes into view. It is wielding a giant spiked club.
The deep troll bites you. The deep troll claws you!! The deep troll claws you!
Found an escape hatch in the ceiling.
The deep troll bites you!! The deep troll closely misses you. x2
There is a stone staircase leading up, spattered with blood here.
The deep troll bites you!!
* * * LOW HITPOINT WARNING * * *
The deep troll claws you!
* * * LOW HITPOINT WARNING * * *
The deep troll completely misses you.
You climb upwards.
Level annotation: Erica
There is a stone staircase leading down, spattered with blood here.
You see here a leather armour.
Items here: )))))) [[[ You feel yourself speed up.
The deep troll bites you!!
You die...

##..#............#.[[..#
.#.......#......###...).##
........###............).###
.....#......##.......##).#.##
....##......##.....#.#......#
.... ##.....###...######.....
##..)[.#......##......#
...###...)).##......#.....##
........##.@#>.##.......###
##......###.T[..#.....#.#
#.......#...#.####...###
#........####### #..##
...####... ##.# ..# #.... ###
.. ....# ..#.#


You could see a deep troll.

Vanquished Creatures
  An orc sorcerer (Orc:1)
  The ghost of esteth the Agent of Entropy, a novice DsAK of Lugonu (D:5)
  Sigmund (D:6)
  3 yaks (D:8)
  A porcupine (D:9)
  9 orc warriors
  2 ice beasts (D:7)
  A sky beast (D:8)
  A phantom (D:7)
  A centaur (D:6)
  A necrophage (D:6)
  5 ogres
  2 big kobolds
  Blork the orc (D:5)
  4 bullfrogs
  A water moccasin zombie (D:8)
  2 howler monkeys
  4 crimson imps
  2 centaur zombies
  A quasit (D:5)
  5 hounds
  A jelly (D:8)
  16 orc priests
  12 orc wizards
  A centaur skeleton (D:7)
  7 iguanas
  9 worker ants
  The ghost of dscm the Digger, a weakling OpEE (D:4)
  A hound skeleton (D:5)
  A worker ant zombie (D:6)
  8 gnolls
  11 adders
  2 shadow imps
  3 oozes
  2 adder skeletons
  2 dart slugs
  6 worms
  3 leopard geckos
  61 orcs
  12 bats
  3 giant cockroaches
  15 goblins
  7 hobgoblins
  12 jackals
  6 quokkas
  3 ball pythons
  3 frilled lizards (D:1)
  2 jackal skeletons (D:6)
  11 kobolds
  7 rats
277 creatures vanquished.

Vanquished Creatures (others)
  3 plants (D:9)
3 creatures vanquished.

Grand Total: 280 creatures vanquished

Notes
Turn   | Place    | Note
-------+----------+-------------------------------------------
     0 | D:1      | galech the Troll Monk began the quest for the Orb.
     0 | D:1      | Reached XP level 1. HP: 22/22 MP: 0/0
    70 | D:1      | Reached XP level 2. HP: 29/29 MP: 1/1
   782 | D:1      | Reached XP level 3. HP: 36/36 MP: 2/2
  1128 | D:2      | Reached XP level 4. HP: 22/45 MP: 3/3
  1187 | D:2      | Reached skill level 4 in Unarmed Combat
  1375 | D:2      | Found a sparkling altar of Nemelex Xobeh.
  1504 | D:3      | Reached XP level 5. HP: 28/53 MP: 4/4
  2216 | D:3      | Found a hazy altar of Hepliaklqana.
  2216 | D:3      | Found a faded altar of an unknown god.
  2222 | D:3      | Found a faded altar of an unknown god.
  2223 | D:3      | Reached skill level 5 in Unarmed Combat
  2228 | D:3      | Found a faded altar of an unknown god.
  2229 | D:3      | Found a faded altar of an unknown god.
  2448 | D:3      | Reached XP level 6. HP: 62/62 MP: 5/5
  2734 | D:4      | Found an iron altar of Okawaru.
  2748 | D:4      | Became a worshipper of Warmaster Okawaru
  2748 | D:4      | Reached * piety under Okawaru
  2748 | D:4      | Reached ** piety under Okawaru
  2841 | D:4      | Noticed dscm's ghost (weakling OpEE)
  2849 | D:4      | Killed dscm's ghost
  3338 | D:5      | Entered Level 5 of the Dungeon
  3342 | D:5      | Reached skill level 6 in Unarmed Combat
  3342 | D:5      | Reached XP level 7. HP: 59/71 MP: 6/6
  3385 | D:5      | Noticed a hand axe
  3386 | D:5      | Noticed a hand axe
  3389 | D:5      | Found a hide-covered altar of Uskayaw.
  3479 | D:5      | Found a white marble altar of Elyvilon.
  3493 | D:5      | Reached skill level 5 in Fighting
  3595 | D:5      | Noticed esteth's ghost (novice DsAK)
  3616 | D:5      | Killed esteth's ghost
  3616 | D:5      | Reached *** piety under Okawaru
  3616 | D:5      | Reached skill level 7 in Unarmed Combat
  3616 | D:5      | Reached XP level 8. HP: 40/83 MP: 5/7
  3715 | D:5      | Noticed Blork the orc
  3732 | D:5      | Killed Blork the orc
  4021 | D:5      | Found Yquzxaoz's Assorted Antiques.
  4372 | D:6      | Reached skill level 8 in Unarmed Combat
  4397 | D:6      | Reached **** piety under Okawaru
  4405 | D:6      | Found a deep blue altar of Sif Muna.
  5171 | D:6      | Noticed Sigmund
  5184 | D:6      | Killed Sigmund
  5229 | D:6      | Reached XP level 9. HP: 83/92 MP: 8/8
  5326 | D:7      | Found a shadowy altar of Dithmenos.
  5337 | D:7      | Reached skill level 9 in Unarmed Combat
  5456 | D:7      | Received a gift from Okawaru
  5535 | D:7      | Found a staircase to the Ecumenical Temple.
  5640 | D:7      | Found an opulent altar of Gozag.
  5729 | D:7      | Reached ***** piety under Okawaru
  6069 | D:7      | Reached skill level 10 in Unarmed Combat
  6174 | Temple   | Entered the Ecumenical Temple
  6587 | D:8      | Reached XP level 10. HP: 105/105 MP: 9/9
  7060 | D:9      | Noticed an ice dragon
  7276 | D:9      | Received a gift from Okawaru
  7278 | D:9      | Found a staircase to the Orcish Mines.
  7297 | D:9      | Got a transparent broad axe {god gift}
  7322 | D:9      | Identified the +4 broad axe "Death Rattle" {vamp, +Rage +Fly MR+} (Okawaru gifted it to you on level 9 of the Dungeon)
  7324 | Orc:1    | Entered Level 1 of the Orcish Mines
  7324 | Orc:1    | Noticed an orc sorcerer
  7371 | D:9      | Reached skill level 11 in Unarmed Combat
  7436 | Orc:1    | Paralysed by an orc sorcerer for 5 turns
  7443 | Orc:1    | Killed an orc sorcerer
  7932 | Orc:1    | Noticed Erica
  7935 | Orc:1    | You fall through a shaft!
  7935 | Orc:2    | Entered Level 2 of the Orcish Mines
  7948 | Orc:2    | Noticed a deep troll
  7991 | Orc:1    | Slain by a deep troll

Skill      XL: |  1  2  3  4  5  6  7  8  9 10 |
---------------+-------------------------------+-----
Fighting       | 3 4 5 7 8 9 |  9.6
Unarmed Combat | 4 5 6 7 8 10 11 | 11.5
Dodging        | |  2.8
Stealth        | |  1.0

Action                   |  1- 3 |  4- 6 |  7- 9 | 10-12 || total
-------------------------+-------+-------+-------+-------++-------
Melee: Unarmed           |   109 |   189 |   333 |   161 ||   792
       Punch             |     4 |     2 |    16 |    10 ||    32
       Broad axe         |       |       |       |     1 ||     1
Throw: Stone             |     1 |       |       |       ||     1
Invok: Heroism           |       |       |     3 |       ||     3
  Use: Scroll            |       |       |    11 |     3 ||    14
       Potion            |       |       |       |     2 ||     2
 Stab: Sleeping          |     1 |       |     4 |       ||     5
  Eat: Chunk             |    16 |    18 |    32 |    17 ||    83
Armor: Robe              |    37 |    68 |    80 |    38 ||   223
Dodge: Dodged            |    59 |    95 |   144 |    60 ||   358
